 Dungeon Crawl Stone Soup version 0.23.0 (webtiles) character file.

Game seed: 6598792070141152521

102 Raymar the Slasher (level 4, 0/55 HPs)
             Began as a Minotaur Gladiator on Feb 11, 2019.
             Slain by an adder (4 damage)
             ... on level 3 of the Dungeon.
             The game lasted 00:04:33 (1424 turns).

Raymar the Slasher (Minotaur Gladiator)             Turns: 1424, Time: 00:04:34

Health: 0/55       AC:  3    Str: 22 (25) XL:     4   Next: 50%
Magic:  3/3        EV: 10    Int:  4 (5)  God:
Gold:   98         SH:  8    Dex:  9 (11) Spells: 3/3 levels left

rFire    . . .     SeeInvis .   a - +1 long sword
rCold    . . .     Gourm    .   j - +0 shield
rNeg     . . .     Faith    .   b - +0 leather armour
rPois    .         Spirit   .   c - +0 hat
rElec    .         Reflect  .   (no cloak)
rCorr    .         Harm     .   (no gloves)
MR       +....                  (no boots)
Stlth    ..........             (no amulet)
HPRegen  0.18/turn              h - ring of flight
MPRegen  0.08/turn              o - ring of protection from magic

@: mighty, berserking, lethally poisoned (0 -> -9), flying, hasted, very quick
A: retaliatory headbutt, horns 2, mutation resistance 1, wild magic 1
a: no special abilities


You were on level 3 of the Dungeon.
You were not hungry.

You visited 1 branch of the dungeon, and saw 3 of its levels.

You collected 98 gold pieces.

Inventory:

Hand Weapons
 a - a +1 long sword (weapon)
Missiles
 d - 3 throwing nets (quivered)
Armour
 b - a +0 leather armour (worn)
 c - a +0 hat (worn)
 j - a +0 shield (worn)
Jewellery
 h - a ring of flight (left hand)
 o - a ring of protection from magic (right hand)
Scrolls
 k - 2 scrolls of teleportation
Potions
 i - a potion of agility
Comestibles
 f - 2 rations
 l - 2 chunks of flesh


   Skills:
 + Level 2.8 Fighting
 + Level 4.9 Long Blades
 + Level 2.2 Throwing
 - Level 0.5 Armour
 + Level 4.1 Dodging
 + Level 0.1 Stealth
 * Level 1.6 Shields


You had 3 spell levels left.
You didn't know any spells.
Your spell library contained the following spells:

 Spells                   Type           Power        Failure   Level  Hunger
 Confusing Touch          Hex            #.....       99%         1    ##.....
 Confuse                  Hex            #.......     100%        3    ####...
 Gell's Gravitas          Tloc           #.........   100%        3    ####...
 Petrify                  Tmut/Erth      #.......     100%        4    #####..
 Metabolic Englaciation   Hex/Ice        #.........   100%        5    ######.
 Yara's Violent Unravell  Hex/Tmut       #.........   100%        5    ######.


Dungeon Overview and Level Annotations

Branches:
Dungeon (3/15)

Altars:


Innate Abilities, Weirdness & Mutations

You reflexively headbutt those who attack you in melee.
You have a pair of horns on your head.
You are somewhat resistant to further mutation.
Your spells are a little harder to cast, but a little more powerful.


Message History

You feel sick. The adder bites you.
* * * LOW HITPOINT WARNING * * *
You miss the adder. Your headbutt misses the adder.
The adder is lightly wounded.
* * * LOW HITPOINT WARNING * * *
You feel sick. You block the adder's attack.
The kobold hits you but does no damage.
A jackal comes into view.
You slash the adder!
The adder is almost dead.
* * * LOW HITPOINT WARNING * * *
You feel sick. You block the adder's attack. The kobold barely misses you.
You riposte.
You slash the kobold!
You kill the kobold!
A jackal comes into view.
* * * LOW HITPOINT WARNING * * *
You feel sick.
The jackal barks!
You block the jackal's attack. The adder bites you.
You die...

####### ############ #.....#
#..........# .. #.....#
#...)......# ... #.....#
#..........# .... #..รท..#
#..>.......##....
......######..........#.....
............................
.<#.########................
###.# #....@......#### ..#
#....Sh((...# #.##
######..##### .. ###....#
... ..>#......#####
...............
..........h....
...........$...
..../..........


You could see an adder and 2 jackals.

Vanquished Creatures
  A jelly (D:2)
  2 adders (D:2)
  A dart slug (D:2)
  4 leopard geckos
  4 orcs
  2 giant cockroaches
  3 goblins
  4 hobgoblins
  3 jackals (D:1)
  8 bats
  5 kobolds
  5 rats
42 creatures vanquished.

Notes
Turn   | Place    | Note
-------+----------+-------------------------------------------
     0 | D:1      | Raymar the Minotaur Gladiator began the quest for the Orb.
     0 | D:1      | Reached XP level 1. HP: 18/18 MP: 0/0
   132 | D:1      | Reached XP level 2. HP: 25/25 MP: 1/1
   626 | D:2      | Reached XP level 3. HP: 30/30 MP: 2/2
   847 | D:2      | Reached skill level 1 in Shields
   857 | D:2      | Found a faded altar of an unknown god.
  1163 | D:2      | Reached XP level 4. HP: 16/37 MP: 3/3
  1419 | D:3      | Gained mutation: Your spells are a little harder to cast,
                  | but a little more powerful. [potion of mutation]
  1419 | D:3      | Gained mutation: You are somewhat resistant to further
                  | mutation. [potion of mutation]
  1424 | D:3      | Slain by an adder

Skill      XL: |  1  2  3 |
---------------+----------+-----
Long Blades    | 4 |  4.9
Shields        | 1 |  1.6
Dodging        | 4 |  4.1
Fighting       | |  2.8
Throwing       | |  2.2
Armour         | |  0.5
Stealth        | |  0.1

Action                   |  1- 3 |  4- 6 || total
-------------------------+-------+-------++-------
Melee: Long sword        |    70 |    12 ||    82
       Headbutt          |    11 |     3 ||    14
  Use: Scroll            |     9 |       ||     9
       Potion            |       |     6 ||     6
  Eat: Chunk             |     1 |     1 ||     2
Armor: Leather armour    |    23 |     2 ||    25
Dodge: Dodged            |    41 |     8 ||    49
Block: Shield            |    33 |    11 ||    44
       Rpst.: Long sword |    14 |     6 ||    20
